 Dungeon Crawl Stone Soup version 0.24-a0-580-g6a6c3f83c1 (webtiles) character file.

Game seed: 13251001697837538181

10168 Mame the Severer (level 11, -7/145 HPs)
             Began as a Hill Orc Fighter on Aug 22, 2019.
             Was a High Priest of Okawaru.
             Mangled by a stone giant (30 damage)
             ... on level 2 of the Orcish Mines.
             The game lasted 01:29:02 (13195 turns).

Mame the Severer (Hill Orc Fighter)                Turns: 13195, Time: 01:29:03

Health: -7/145     AC: 25    Str: 23    XL:     11   Next: 57%
Magic:  0/12       EV:  2    Int:  8    God:    Okawaru [*****.]
Gold:   1051       SH:  0    Dex: 10    Spells: 10/10 levels left

rFire    . . .     SeeInvis .   L - +4 war axe
rCold    . . .     Gourm    .   (no shield)
rNeg     + + +     Faith    .   (armour currently unavailable)
rPois    +         Spirit   +   (helmet currently unavailable)
rElec    .         Reflect  .   (cloak currently unavailable)
rCorr    +         Harm     .   (gloves currently unavailable)
MR       .....     NoTele   +   (boots currently unavailable)
Stlth    +.........             A - amulet of guardian spirit
HPRegen  0.34/turn              V - ring of positive energy
MPRegen  0.13/turn              p - ring of resist corrosion

@: tree-form
A: no striking features
a: Heroism, Finesse, Renounce Religion


You were on level 2 of the Orcish Mines.
You worshipped Okawaru.
Okawaru was extremely pleased with you.
You were not hungry.
You were a tree.
You visited 2 branches of the dungeon, and saw 12 of its levels.
You also visited: Sewer.

You collected 1051 gold pieces.

Inventory:

Hand Weapons
 d - a +3 battleaxe
 y - a +5 spear of freezing
 L - a +4 war axe (weapon)
Armour
 a - the +15 Maxwell's patent armour {-Cast -Tele rElec MR+ rCorr}
   (You found it on level 9 of the Dungeon)

   It insulates you from electricity.
   It affects your resistance to hostile enchantments.
   It prevents spellcasting.
   It prevents most forms of teleportation.
   It provides partial protection from all sources of acid and corrosion.
 O - a scarf of spirit shield (melded)
 X - the +5 scale mail "Bymain" (melded) {MR+ Dex+4 Stlth-}
   (Okawaru gifted it to you on level 9 of the Dungeon)

   It affects your dexterity (+4).
   It affects your resistance to hostile enchantments.
   It makes you less stealthy.
Jewellery
 p - a ring of resist corrosion (right branch)
 A - an amulet of guardian spirit (around neck)
 V - a ring of positive energy (left branch)
Wands
 G - a wand of disintegration (12)
 H - a wand of flame (32)
Scrolls
 e - a scroll of silence {unknown}
 h - 6 scrolls of remove curse
 j - 7 scrolls of teleportation
 o - a scroll of immolation {unknown}
 u - a scroll of fog {unknown}
 C - a scroll of random uselessness {unknown}
 J - 2 scrolls of magic mapping
 M - 3 scrolls of fear
 N - a scroll of blinking {unknown}
 S - a scroll of noise {unknown}
 W - a scroll of acquirement {unknown}
Potions
 i - 4 potions of agility
 n - 3 potions of curing
 x - a potion of cancellation {unknown}
 B - a potion of ambrosia {unknown}
Comestibles
 b - a chunk of flesh
 f - 15 rations


   Skills:
 - Level 9.1 Fighting
 + Level 17.9 Axes
 * Level 8.0 Armour
   Level 3.6 Shields
 + Level 2.1 Invocations
 + Level 1.0 Evocations


You had 10 spell levels left.
You didn't know any spells.
Your spell library contained the following spells:

 Spells                   Type           Power        Failure   Level  Hunger
 Animate Skeleton         Necr           N/A          41%         1    ##.....
 Apportation              Tloc           #.....       41%         1    ##.....
 Confusing Touch          Hex            #.....       41%         1    ##.....
 Corona                   Hex            #......      41%         1    ##.....
 Sandblast                Erth           #.....       41%         1    ##.....
 Summon Small Mammal      Summ           #...         41%         1    ##.....
 Call Imp                 Summ           #.......     54%         2    ###....
 Ensorcelled Hibernation  Hex/Ice        #.....       54%         2    ###....
 Passwall                 Tmut/Erth      #.......     54%         2    ###....
 Call Canine Familiar     Summ           #.......     78%         3    ####...
 Confuse                  Hex            #.......     78%         3    ####...
 Dazzling Spray           Conj/Hex       #.....       78%         3    ####...
 Stone Arrow              Conj/Erth      #.....       78%         3    ####...
 Summon Guardian Golem    Hex/Summ       #.......     78%         3    ####...
 Tukima's Dance           Hex            #.......     78%         3    ####...
 Petrify                  Tmut/Erth      #.......     99%         4    #####..
 Summon Ice Beast         Ice/Summ       #.......     99%         4    #####..
 Summon Lightning Spire   Summ/Air       #.......     99%         4    #####..
 Lee's Rapid Deconstruct  Erth           #.........   100%        5    ######.


Dungeon Overview and Level Annotations

Branches:
Dungeon (10/15)            Temple (0/1) D:4            Lair (0/6) D:10
    Orc (2/2) D:10          Sewer (visited)
    Elf: Orc:2

Altars:
Cheibriados
Fedhas
Hepliaklqana
Kikubaaqudgha
Okawaru
Ru
Sif Muna
Trog
Vehumet
Wu Jian
Xom
Zin
The Shining One
Beogh

Shops:
Orc:1 ?

Portals:
Trove: D:10 (give +7 demon whip)


Message History

The stone giant is almost dead.
You hit the stone giant but do no damage.
The stone giant is almost dead.
The stone giant hits you!
* * * LOW HITPOINT WARNING * * *
You barely miss the stone giant.
The stone giant is almost dead.
The stone giant hits you!
* * * LOW HITPOINT WARNING * * *
You feel better.
The stone giant hits you but does no damage.
You are too injured to fight recklessly!
You hit the stone giant.
The stone giant is almost dead.
You slash the stone giant!
The stone giant is almost dead.
The stone giant hits you!
* * * LOW HITPOINT WARNING * * *
You feel better. The stone giant hits you!!
You die...

##..# ####.# # ###...##
####....## ##
#....#.####.##.....### .#
#.......##...........##
.###.......###...........##
.).....#....#.............##
..)...##...)...........<...##
..))....^.....).<..##.......#
....####.####..<♣.###........#
....##.....##..C...##........#
....#.......#..)...#..........
..#.#.....$.#.............##.#
..#.(..._......##........##
....#.......#.##.......###
#...#.......#.##........#
##..##.....##.###.......#
.#..####.####.#..........#


You could see a stone giant.

Vanquished Creatures
  A two-headed ogre (D:10)
  Pikel (D:5)
  2 cyclopes
  Joseph (D:7)
  2 trolls (D:10)
  Prince Ribbit (D:9)
  A wyvern (D:9)
  A vampire (D:10)
  A basilisk (D:10)
  A hungry ghost (D:9)
  Menkaure (D:7)
  2 wargs
  An ice beast (D:8)
  9 orc warriors
  4 phantoms
  A necrophage (D:7)
  3 sky beasts
  9 ogres
  4 centaurs
  3 big kobolds
  5 bullfrogs
  2 gnoll sergeants (D:8)
  3 scorpions
  4 killer bees (D:8)
  14 wights
  5 howler monkeys
  2 crimson imps
  2 jellies
  2 gnoll shamans (D:8)
  2 bullfrog skeletons
  7 orc priests
  4 hounds
  19 orc wizards
  Terence (D:3)
  Natasha (D:3)
  4 iguanas
  6 worker ants
  2 hound skeletons
  2 worker ant zombies (D:7)
  17 gnolls
  A river rat (D:4)
  18 adders
  2 howler monkey skeletons
  An ooze (D:7)
  3 adder skeletons
  6 worms
  6 dart slugs
  8 leopard geckos
  40 orcs
  14 bats
  6 giant cockroaches
  8 goblins
  19 hobgoblins
  18 jackals
  28 kobolds
  A quokka (D:7)
  9 ball pythons
  5 frilled lizards
  2 jackal zombies
  A quokka skeleton (D:2)
  10 rats
359 creatures vanquished.

Vanquished Creatures (others)
  A quasit (D:5)
  An adder zombie (D:5)
  An orc (D:5)
  A frilled lizard (D:4)
4 creatures vanquished.

Grand Total: 363 creatures vanquished

Notes
Turn   | Place    | Note
-------+----------+-------------------------------------------
     0 | D:1      | Mame the Hill Orc Fighter began the quest for the Orb.
     0 | D:1      | Reached XP level 1. HP: 19/19 MP: 1/1
    80 | D:1      | Reached XP level 2. HP: 27/27 MP: 2/2
   169 | D:1      | Reached skill level 3 in Axes
   280 | D:1      | Reached XP level 3. HP: 32/33 MP: 3/3
   424 | D:1      | Reached skill level 4 in Axes
   678 | D:2      | Reached XP level 4. HP: 39/40 MP: 4/4
   684 | D:2      | Found a shimmering altar of Xom.
   907 | D:2      | Found a glowing golden altar of the Shining One.
   939 | D:2      | Reached skill level 5 in Axes
   970 | D:2      | Found a glowing silver altar of Zin.
  1320 | D:2      | Reached skill level 6 in Axes
  1320 | D:2      | Reached XP level 5. HP: 43/46 MP: 5/5
  1582 | D:3      | Reached skill level 7 in Axes
  1672 | D:3      | Noticed Terence
  1682 | D:3      | Killed Terence
  1682 | D:3      | Reached XP level 6. HP: 49/52 MP: 6/6
  1984 | D:3      | Noticed Natasha
  1988 | D:3      | Killed Natasha
  2115 | D:4      | Found an iron altar of Okawaru.
  2118 | D:4      | Became a worshipper of Warmaster Okawaru
  2130 | D:4      | Reached skill level 8 in Axes
  2428 | D:4      | Reached skill level 9 in Axes
  2444 | D:4      | Reached XP level 7. HP: 5/58 MP: 7/7
  2619 | D:4      | Found a radiant altar of Vehumet.
  2683 | D:4      | Reached * piety under Okawaru
  2699 | D:4      | Found a glowing drain.
  2705 | Sewer    | Entered a sewer
  3342 | D:4      | Reached skill level 10 in Axes
  3567 | D:4      | Found an ornate altar of the Wu Jian Council.
  3769 | D:4      | Found a staircase to the Ecumenical Temple.
  3842 | D:4      | Reached skill level 11 in Axes
  3899 | D:5      | Entered Level 5 of the Dungeon
  3921 | D:5      | Reached XP level 8. HP: 66/66 MP: 8/8
  4047 | D:5      | Reached ** piety under Okawaru
  4165 | D:5      | Noticed Pikel
  4206 | D:5      | Killed Pikel
  4206 | D:5      | Reached skill level 13 in Axes
  4365 | D:5      | Reached XP level 9. HP: 12/71 MP: 9/9
  4470 | D:5      | Reached skill level 14 in Axes
  4878 | D:5      | Reached *** piety under Okawaru
  5163 | D:5      | Found a hazy altar of Hepliaklqana.
  5536 | D:6      | Found a blossoming altar of Fedhas.
  5703 | D:6      | Found a bloodstained altar of Trog.
  6054 | D:6      | Found a shimmering blue altar of Sif Muna.
  6090 | D:6      | Reached skill level 15 in Axes
  6518 | D:7      | Noticed Joseph
  6538 | D:7      | Killed Joseph
  6605 | D:7      | Reached skill level 1 in Invocations
  6630 | D:7      | Reached skill level 16 in Axes
  6723 | D:7      | Reached XP level 10. HP: 69/80 MP: 10/10
  7017 | D:7      | Reached **** piety under Okawaru
  7038 | D:7      | Reached skill level 5 in Fighting
  7049 | D:7      | Noticed Menkaure
  7330 | D:7      | Found a snail-covered altar of Cheibriados.
  7353 | D:7      | Reached skill level 5 in Armour
  7440 | D:7      | Killed Menkaure
  7529 | D:7      | Found a blossoming altar of Fedhas.
  7733 | D:8      | Found a sacrificial altar of Ru.
  8169 | D:8      | Noticed a cyclops
  8219 | D:8      | Killed a cyclops
  8504 | D:8      | Reached ***** piety under Okawaru
  9647 | D:8      | Reached skill level 17 in Axes
 10063 | D:9      | Reached XP level 11. HP: 90/94 MP: 12/12
 10175 | D:9      | Noticed Prince Ribbit
 10232 | D:9      | Received a gift from Okawaru
 10239 | D:9      | Got a fine scale mail {god gift}
 10250 | D:9      | Identified the +5 scale mail "Bymain" {MR+ Dex+4 Stlth-}
                  | (Okawaru gifted it to you on level 9 of the Dungeon)
 10415 | D:9      | Found the +15 Maxwell's patent armour {-Cast -Tele rElec
                  | MR+ rCorr}
 10421 | D:9      | Killed Prince Ribbit
 10481 | D:9      | Found an ancient bone altar of Kikubaaqudgha.
 10640 | D:10     | Entered Level 10 of the Dungeon
 10661 | D:10     | Found a staircase to the Lair.
 10761 | D:10     | Found a staircase to the Orcish Mines.
 11273 | D:10     | Noticed a two-headed ogre
 11286 | D:10     | Killed a two-headed ogre
 11715 | D:10     | Noticed a cyclops
 11730 | D:10     | Killed a cyclops
 11846 | D:10     | Found a portal to a secret trove of treasure.
 12388 | Orc:1    | Entered Level 1 of the Orcish Mines
 12509 | Orc:1    | Reached skill level 1 in Evocations
 12824 | Orc:2    | Entered Level 2 of the Orcish Mines
 12828 | Orc:1    | Found Ladau's Magic Scroll Boutique.
 12828 | Orc:1    | Noticed an orc sorcerer
 13128 | Orc:2    | Noticed a stone giant
 13151 | Orc:2    | Found a roughly hewn altar of Beogh.
 13195 | Orc:2    | Mangled by a stone giant

Levels and vault maps discovered:
D:1:      sevenhm_arrival_forest_fort_small_4, layout_basic
D:2:      layout_loops_corners, tso_altar, nicolae_overflow_crystal_walls,
          overflow_temple_1_default, minmay_mini_jars
D:3:      layout_rooms, uniq_natasha, uniq_terence
D:4:      layout_loops_ring, lemuel_doored_altar, old_standard_altar,
          kennysheep_mini, lemuel_temple_firewalk_b, first_ration,
          lightli_sewer_entry_pipes
D:5:      layout_loops_corners, old_standard_altar, columned_hall_lemuel,
          uniq_pikel
D:6:      layout_basic, led_sif_book, overflow_temple_1_default, fedhas_altar_2
D:7:      layout_loops_corners, marbit_many_paths, cheibriados_altar_1,
          uniq_joseph, uniq_menkaure
D:8:      kennysheep_housing_project, layout_layer_cave, old_standard_altar
D:9:      layout_roguey, overflow_temple_1_default, grunt_ogre_cave,
          uniq_prince_ribbit1
D:10:     layout_layer_cave, lair_entry_dummy, orc_0_dummy, enter_trove_3
Orc:1:    layout_caves, serial_shops, shop
Orc:2:    st_orc_rangers, layout_diamond_mine, mines1_david

Skill      XL: |  1  2  3  4  5  6  7  8  9 10 11 |
---------------+----------------------------------+-----
Axes           | 3 4 6 7 9 11 13 16 17 | 17.9
Fighting       | 4 7 9 |  9.1
Armour         | 4 6 8 |  8.0
Invocations    | 1 2 |  2.1
Evocations     | 1 |  1.0
Shields        | |  3.6

Action                   |  1- 3 |  4- 6 |  7- 9 | 10-12 || total
-------------------------+-------+-------+-------+-------++-------
Melee: War axe           |    92 |   155 |       |   434 ||   681
       Hand axe          |       |    38 |       |       ||    38
       Trident           |       |     4 |   127 |       ||   131
       Spear             |       |       |   321 |   113 ||   434
       Punch             |       |       |       |     1 ||     1
Invok: Heroism           |       |       |     4 |     8 ||    12
Evoke: Wand              |       |       |       |     9 ||     9
  Use: Scroll            |       |     2 |     4 |    13 ||    19
       Potion            |       |     2 |     6 |     9 ||    17
  Eat: Chunk             |       |     5 |     2 |    12 ||    19
       Ration            |       |       |     4 |     3 ||     7
Armor: Scale mail        |    45 |    69 |    65 |    60 ||   239
       Leather armour    |       |       |       |    32 ||    32
       Skin              |       |       |       |     4 ||     4
Dodge: Dodged            |    27 |    51 |    67 |   216 ||   361
Block: Shield            |    57 |    89 |    85 |       ||   231

Table legend:
 A = Non-vault XP
 B = Vault XP
 C = Vault XP percentage of total XP
 D = Non-vault monster count
 E = Vault monster count
 F = Vault count percentage of total count
                 A         B        C        D         E       F
            +---------+---------+-------+---------+---------+-------
      Total |   11661 |    2866 |  19.7 |     282 |      77 |  21.4
            +---------+---------+-------+---------+---------+-------
        D:1 |      55 |       0 |   0.0 |      26 |       0 |   0.0
        D:2 |     177 |      28 |  13.7 |      35 |       9 |  20.5
        D:3 |      51 |      74 |  59.2 |      13 |       2 |  13.3
        D:4 |     668 |      97 |  12.7 |      27 |      10 |  27.0
        D:5 |    1505 |     663 |  30.6 |      36 |       1 |   2.7
        D:6 |     353 |      82 |  18.9 |      10 |       2 |  16.7
        D:7 |    1480 |     766 |  34.1 |      52 |       3 |   5.5
        D:8 |    1840 |     764 |  29.3 |      28 |      28 |  50.0
        D:9 |    1118 |     359 |  24.3 |      15 |       2 |  11.8
       D:10 |    2835 |       0 |   0.0 |      13 |       0 |   0.0
      Orc:1 |     738 |       0 |   0.0 |      17 |       0 |   0.0
      Orc:2 |     841 |       0 |   0.0 |      10 |       0 |   0.0
      Sewer |       0 |      33 | 100.0 |       0 |      20 | 100.0
            +---------+---------+-------+---------+---------+-------
